 Dungeon Crawl Stone Soup version 0.32-a0-18-g89e19f1974 (webtiles) character file.

Game seed: 3534524698002965462

28 Laraso the Grave Robber (level 3, -4/39 HPs)
             Began as an Oni Necromancer on Jan 16, 2024.
             Slain by a gnoll
             ... wielding a +4 spear
              (8 damage)
             ... on level 1 of the Dungeon.
             The game lasted 00:03:56 (816 turns).

Laraso the Grave Robber (Oni Necromancer)            Turns: 816, Time: 00:03:56

Health: -4/39      AC:  3    Str: 11 (14) XL:     3   Next: 14%
Magic:  0/6        EV:  9    Int: 13 (16) God:
Gold:   43         SH:  0    Dex:  8 (9)  Spells: 2/6 levels left

rFire   . . .        c - +0 hand axe
rCold   . . .        (no shield)
rNeg    . . .        a - +0 robe
rPois   .            (helmet restricted)
rElec   .            (no cloak)
rCorr   .            (gloves unavailable)
SInv    .            (boots unavailable)
Will    .....        (no amulet)
Stlth   +            (no ring)
HPRegen 0.26/turn    (no ring)
MPRegen 0.10/turn

%: no passive effects
@: about to teleport, very slightly contaminated
A: large, unfitting armour, horns 1, tough skin 1, double potion healing,
drunken brawling
a: no special abilities


You were on level 1 of the Dungeon.
You visited 1 branch of the dungeon, and saw 2 of its levels.

You collected 43 gold pieces.

Inventory:

Hand Weapons
 c - a +0 hand axe (weapon)
Armour
 a - a +0 robe (worn)
Jewellery
 e - a ring of ice
Scrolls
 g - 2 scrolls of identify {unknown}
Potions
 b - a potion of magic


   Skills:
 * Level 3.6 Fighting
 - Level 1.7 Dodging
 - Level 1.4 Stealth
 - Level 2.4 Spellcasting
 - Level 3.6 Necromancy


You had 2 spell levels left.
You knew the following spells:

 Your Spells              Type           Power      Damage    Failure   Level
a - Necrotise             Necr           40%        1d6       5%          1
b - Vampiric Draining     Necr           10%        2d6       17%         3

Your spell library contained the following spells:

 Spells                   Type           Power      Damage    Failure   Level
 Sting                    Conj/Alch      4%         1d3       24%         1
 Blink                    Tloc           2%         N/A       36%         2
 Lesser Beckoning         Tloc           2%         N/A       36%         2
 Mercury Vapours          Alch/Air       2%         N/A       36%         2
 Momentum Strike          Conj/Tloc      2%         3d8       36%         2
 Animate Dead             Necr           10%        N/A       50%         4
 Curse of Agony           Necr           10%        N/A       83%         5
 Olgreb's Toxic Radiance  Alch           1%         N/A       94%         4


Dungeon Overview and Level Annotations

Branches:
Dungeon (2/15)

Altars:

Shops:
D:1 [(!((


Innate Abilities, Weirdness & Mutations

You are too large for most types of armour.
You have a pair of small horns on your head.
You have tough skin. (AC +1)
You gain doubled healing and magic from potions.
Whenever you drink a healing potion, you attack all around you.


Message History

There are monsters nearby!
The gnoll barely misses you. The gnoll closely misses you.
The gnoll hits you with a +0 spear.
You climb upwards.
There is a stone staircase leading down here.
The gnoll hits you from afar with a +4 spear.
The gnoll hits you with a +0 spear.
The gnoll hits you from afar with a +0 spear.
Casting: Necrotise (safe; 4% risk of failure)
Confirm with . or Enter, or press ? or * to list all spells.
Aiming: Vampiric Draining (quite dangerous; 14% risk of failure)
Press: ? - help, Shift-Dir - straight line, f - gnoll
Aim: a gnoll, wielding a +0 spear You draw life force from the gnoll!
You feel life coursing into your body.
The gnoll hits you from afar with a +4 spear.
The gnoll misses you.
The gnoll hits you from afar with a +0 spear.
Casting: Vampiric Draining (quite dangerous; 14% risk of failure)
Confirm with . or Enter, or press ? or * to list all spells.
Aiming: Vampiric Draining (quite dangerous; 14% risk of failure)
Press: ? - help, Shift-Dir - straight line, f/p - gnoll
Aim: a gnoll, wielding a +0 spear (heavily wounded)
You miscast Vampiric Draining.
You are very lightly contaminated with residual magic.
Nothing appears to happen.
The gnoll hits you from afar with a +4 spear!
The gnoll closely misses you. The gnoll barely misses you.
Unknown command.
As you read the scroll labelled DATSAX HEHE, it crumbles to dust.
You feel strangely unstable.
It was a scroll of teleportation.
The gnoll hits you from afar with a +4 spear.
* * * LOW HITPOINT WARNING * * *
The gnoll hits you with a +0 spear.
* * * LOW HITPOINT WARNING * * *
The gnoll closely misses you.
It was a potion of degeneration.
There was something very wrong with that liquid.
You feel weakened.
You feel dopey.
You feel clumsy.
The gnoll hits you from afar with a +4 spear!
You die...

###### #....# #....#
#gg..# #>...# #@g..##
##..|..# #......# ####
##......## ...###
###........#
#....#######...#>...#.#
###..........########.#
#.######...†# #.## #.#
#..#.# #..# ###


You could see 3 gnolls.

Vanquished Creatures
  A dart slug (D:1)
  A ball python (D:1)
  2 endoplasms (D:1)
  3 giant cockroaches (D:1)
  4 goblins (D:1)
  5 hobgoblins (D:1)
  2 kobolds (D:1)
  A bat (D:1)
  A frilled lizard (D:1)
  2 rats (D:1)
22 creatures vanquished.

Notes
Turn   | Place    | Note
-------+----------+-------------------------------------------
     0 | D:1      | Laraso the Oni Necromancer began the quest for the Orb.
     0 | D:1      | Reached XP level 1. HP: 16/16 MP: 3/3
    53 | D:1      | Reached skill level 1 in Fighting
   112 | D:1      | Reached XP level 2. HP: 15/28 MP: 3/5
   304 | D:1      | Found Linoleuf's Armour Emporium.
   379 | D:1      | Found Jeutti's Distillery.
   381 | D:1      | Found Ceesimov's Weapon Boutique.
   514 | D:1      | Reached XP level 3. HP: 37/37 MP: 6/6
   609 | D:1      | Learned a level 3 spell: Vampiric Draining
   612 | D:1      | Found Gyxyosio's Weapon Shop.
   636 | D:1      | Found Puomi's Antique Weapon Shoppe.
   816 | D:1      | Slain by a gnoll

Illustrated notes

Levels and vault maps discovered:
D:1:      dpeg_arrival_simpleton_b, layout_rooms, serial_shops, shop,
          nicolae_square_shop, shop, nicolae_diamond_shop,
          nicolae_shop_behind_doors
D:2:      layout_loops_ring, ebering_ecumenical_altar_box,
          minmay_misc_feat_alley, minmay_misc_feat_tiny

Skill      XL: |  1  2 |
---------------+-------+-----
Fighting       | 2 3 |  3.6
Dodging        | |  1.7
Stealth        | |  1.4
Spellcasting   | |  2.4
Necromancy     | |  3.6

Action                     || total
---------------------------++-------
  Melee: Hand axe          ||    66
         Headbutt          ||    10
   Cast: Necrotise         ||    10
         Vampiric Draining ||     1
    Use: Scroll            ||     1
         Potion            ||     1
   Stab: Sleeping          ||     3
 Armour: Robe              ||    71
  Dodge: Dodged            ||    56

Table legend: (Time is in decaauts)
 A = Elapsed time spent in this place.
 B = Non-inter-level travel time spent in this place.
 C = Inter-level travel time spent in this place.
 D = Time resting spent in this place.
 E = Time spent auto-exploring this place.
 F = Levels seen in this place.
 G = Mean time per level.
                   A        B        C        D        E       F      G
               +--------+--------+--------+--------+--------+-----+--------+
         Total |    835 |    794 |     41 |    108 |    456 |   2 |  417.5 |
       Dungeon |    835 |    794 |     41 |    108 |    456 |   2 |  417.5 |
               +--------+--------+--------+--------+--------+-----+--------+

Top non-repeatable levels by time:
     D:1: 833 daAuts
     D:2: 1 daAuts
